 Dungeon Crawl Stone Soup version 0.31-a0-152-g6aa68a64a1 (webtiles) character file.

Game seed: 4950655078240489491

8546 qw the Skirmisher (level 11, -16/99 HPs)
             Began as a Minotaur Hunter on June 10, 2023.
             Was a Believer of Okawaru.
             Demolished by Urug
             ... wielding a +5 halberd
              (25 damage)
             ... on level 10 of the Dungeon.
             The game lasted 00:03:00 (8457 turns).

qw the Skirmisher (Minotaur Hunter)                 Turns: 8457, Time: 00:03:01

Health: -16/99     AC: 15    Str: 20    XL:     11   Next: 11%
Magic:  12/13      EV: 17    Int:  5    God:    Okawaru [**....]
Gold:   343        SH:  0    Dex: 17    Spells: 10/10 levels left

rFire   . . .        d - +6 orcbow
rCold   . . .        (shield currently unavailable)
rNeg    . . .        s - +4 ring mail of Heuvito {Slay+3}
rPois   .            h - +2 hat
rElec   .            (no cloak)
rCorr   .            r - +0 pair of gloves
SInv    .            c - +0 pair of boots
Will    .....        (no amulet)
Stlth   +++          n - +4 ring of slaying {mikee}
HPRegen 0.36/turn    (no ring)
MPRegen 0.13/turn

%: no passive effects
@: about to teleport, heroic
A: horns 2, retaliatory headbutt, strong 1, MP-powered wands
a: Renounce Religion, Heroism


You were on level 10 of the Dungeon.
You worshipped Okawaru.
Okawaru was pleased with you.
You visited 2 branches of the dungeon, and saw 11 of its levels.

You collected 716 gold pieces.
You spent 373 gold pieces at shops.


Innate Abilities, Weirdness & Mutations

You have a pair of horns on your head.
You reflexively headbutt those who attack you in melee.
Your muscles are strong. (Str +4, Int/Dex -1)
You expend magic power (3 MP) to strengthen your wands.


   Skills:
 - Level 10.0(15.0) Fighting
 + Level 14.7(19.7) Ranged Weapons
 - Level 4.1(9.1) Armour
 - Level 6.7(11.7) Dodging
 - Level 0.7(5.7) Stealth
 - Level 4.0 Invocations


You had 10 spell levels left.
You didn't know any spells.
Your spell library was empty.

Inventory:

Hand Weapons
 d - a +6 orcbow (weapon)
Armour
 c - a +0 pair of boots (worn)
 h - a +2 hat (worn)
 r - a +0 pair of gloves (worn)
 s - the +4 ring mail of Heuvito (worn) {Slay+3}
   (You found it on level 4 of the Dungeon)

   Slay:      It affects your accuracy & damage with ranged weapons and melee
   (+3).
Jewellery
 n - a +4 ring of slaying (left hand) {mikee}
Scrolls
 b - 5 scrolls of teleportation
 i - 7 scrolls of identify
Potions
 a - 6 potions of curing
 f - 3 potions of haste
 l - 4 potions of heal wounds
 q - a potion of mutation

Dungeon Overview and Level Annotations

Branches:
Dungeon (10/15)            Temple (1/1) D:7            Lair (0/5) D:10
    Orc (0/2) D:9

Altars:
Ashenzari
Cheibriados
Dithmenos
Elyvilon
Fedhas
Gozag
Hepliaklqana
Kikubaaqudgha
Makhleb
Nemelex Xobeh
Okawaru
Qazlal
Sif Muna
Trog
Uskayaw
Vehumet
Wu Jian
Xom
Yredelemnul
Zin
The Shining One

Shops:
D:1 *   D:8 ?

Annotations:
D:10 Urug


Message History

Urug roars.
Urug hits you from afar with a +5 halberd!
You turn to flesh and can move again.
8449 ||| INVOKING Heroism.
You gain the combat prowess of a mighty hero.
The basilisk gazes at you. You resist with some effort. Urug misses you.
You shoot an arrow. The arrow barely misses the basilisk.
The arrow hits the yak!
The yak is heavily wounded.
The basilisk barely misses you. You furiously retaliate!
You headbutt the basilisk.
Urug hits you from afar with a +5 halberd.
You shoot an arrow. The arrow hits the basilisk!
The basilisk is almost dead.
The basilisk bites you but does no damage.
Urug hits you from afar with a +5 halberd.
You shoot an arrow. The arrow barely misses the basilisk.
The arrow hits the yak!
The yak is severely wounded.
The basilisk gazes at you. You resist with some effort.
Urug hits you from afar with a +5 halberd!
You shoot an arrow. The arrow hits the basilisk!!
You kill the basilisk!
Okawaru accepts your kill.
Urug hits you from afar with a +5 halberd!
You shoot an arrow. The arrow barely misses the yak.
You shoot an arrow. The arrow hits the yak!
You kill the yak!
Okawaru accepts your kill. Urug barely misses you.
You shoot an arrow. The arrow hits Urug.
Urug is lightly wounded.
Urug hits you from afar with a +5 halberd!!
8457 ||| READING 6 scrolls of teleportation.
As you read the scroll of teleportation, it crumbles to dust.
You feel strangely unstable.
Urug hits you from afar with a +5 halberd!!
You die...

.P..... .....l.
.PP.... ..#
....... ..#
#....l. ..# #....
####..#
#.o##.....####
#.%@.........
####....^....
#.........
########.#####....
.........# #...
....>....# #..#
.........# #..#
########.# #..#
#.#####..#


You could see Urug.

Vanquished Creatures
  A centaur warrior (D:8)
  A two-headed ogre (D:8)
  A cyclops (D:8)
  A meliai (D:8)
  2 hornets
  Prince Ribbit (D:5)
  9 yaks
  A vampire (D:9)
  3 wyverns
  A basilisk (D:10)
  4 steam dragons
  2 water moccasins
  4 orc warriors
  Pargi (D:3)
  An ice beast (D:6)
  2 black bears
  4 centaurs
  2 phantoms (D:6)
  5 bullfrogs
  2 gnoll sergeants (D:7)
  3 kobold brigands
  2 scorpions
  5 wights
  6 killer bees
  A howler monkey (D:6)
  3 jellies
  8 orc priests
  2 gnoll boudas (D:8)
  2 hounds
  4 iguanas
  A sleepcap (D:6)
  5 orc wizards
  A mummy (D:3)
  6 gnolls (D:7)
  3 adders
  A shadow imp (D:6)
  2 white imps (D:7)
  An ufetubus (D:6)
  A worm (D:4)
  2 dart slugs
  53 orcs
  5 bats
  7 endoplasms
  3 giant cockroaches
  11 goblins
  7 hobgoblins
  4 jackals
  9 kobolds
  4 quokkas
  4 ball pythons
  6 frilled lizards
  7 rats
227 creatures vanquished.

Notes
Turn   | Place    | Note
-------+----------+-------------------------------------------
     0 | D:1      | qw the Minotaur Hunter began the quest for the Orb.
     0 | D:1      | Reached XP level 1. HP: 18/18 MP: 0/0
     0 | D:1      | 0 ||| qw: Version: 0.2-a-122-gbc61b45
     0 | D:1      | 0 ||| qw: Game counter: 3575
     0 | D:1      | 0 ||| qw: Always use a shield: true
     0 | D:1      | 0 ||| qw: God list: Okawaru
     0 | D:1      | 0 ||| qw: Allow faded altars: false
     0 | D:1      | 0 ||| qw: Do Orc after D:15 true
     0 | D:1      | 0 ||| qw: Do second Lair branch before Depths: true
     0 | D:1      | 0 ||| qw: Lair rune preference: random
     0 | D:1      | 0 ||| qw: Plans: Normal
     0 | D:1      | 0 ||| PLANNING D:1-11
   198 | D:1      | Reached XP level 2. HP: 23/25 MP: 1/1
   301 | D:1      | Reached skill level 5 in Ranged Weapons
   398 | D:1      | Found Vueme's Assorted Antiques.
   407 | D:1      | 407 ||| SHOPLISTING 3 scrolls labelled BOCOATZEINA (54
                  | gold, have 22).
   407 | D:1      | 407 ||| BUYING fuming pink potion (16 gold).
   407 | D:1      | Bought a fuming pink potion for 16 gold pieces
   407 | D:1      | 407 ||| SHOPLISTING glowing copper wand (72 gold, have 6).
   407 | D:1      | 407 ||| SHOPLISTING scroll labelled OKUMYQY WAPLIE (18
                  | gold, have 6).
   783 | D:1      | Reached skill level 3 in Fighting
   846 | D:1      | 846 ||| UPGRADING to +0 ring mail.
   856 | D:1      | 856 ||| DROPPING +0 leather armour.
   857 | D:1      | 857 ||| READING scroll labelled JEEWKE QACKA.
   858 | D:1      | 858 ||| READING scroll labelled SIUHYI XEUV.
   859 | D:1      | 859 ||| READING scroll labelled GEUNUO GIM LONN.
   860 | D:1      | 860 ||| READING scroll labelled ZAFICLAOXY.
   908 | D:1      | 908 ||| READING scroll labelled BOCOATZEINA.
   912 | D:1      | 912 ||| DROPPING scroll of butterflies.
   971 | D:2      | Reached skill level 1 in Armour
   971 | D:2      | Reached XP level 3. HP: 31/31 MP: 2/2
  1433 | D:2      | 1433 ||| UPGRADING to +0 pair of boots.
  1486 | D:3      | Found a faded altar of an unknown god.
  1505 | D:3      | 1505 ||| READING scroll of enchant weapon.
  1505 | D:3      | 1505 ||| ENCHANTING +1 shortbow.
  1695 | D:3      | Found a snail-covered altar of Cheibriados.
  1704 | D:3      | Reached XP level 4. HP: 38/38 MP: 3/3
  1709 | D:3      | Noticed Pargi
  1724 | D:3      | Killed Pargi
  1725 | D:3      | Reached skill level 6 in Ranged Weapons
  1725 | D:3      | Reached XP level 5. HP: 27/45 MP: 4/4
  2099 | D:3      | 2099 ||| UPGRADING to +0 troll leather armour {Pargi}.
  2109 | D:3      | 2109 ||| DROPPING +0 ring mail.
  2110 | D:3      | 2110 ||| UPGRADING to +4 ring of slaying {mikee}.
  2111 | D:3      | 2111 ||| READING 2 scrolls labelled XINGEYF PAAKH.
  2112 | D:3      | 2112 ||| READING scroll labelled NIAKLU MORAO.
  2113 | D:3      | 2113 ||| DRINKING 2 black potions.
  2367 | D:4      | 2367 ||| READING scroll of enchant weapon.
  2367 | D:4      | 2367 ||| ENCHANTING +2 shortbow.
  2381 | D:4      | Reached skill level 7 in Ranged Weapons
  2381 | D:4      | Reached XP level 6. HP: 53/53 MP: 5/5
  2789 | D:4      | Identified the +4 ring mail of Heuvito {Slay+3}
  2870 | D:4      | 2870 ||| UPGRADING to +0 pair of gloves.
  2875 | D:4      | 2875 ||| UPGRADING to +4 ring mail of Heuvito {Slay+3}.
  2885 | D:4      | 2885 ||| DROPPING +0 troll leather armour {Pargi}.
  2886 | D:4      | 2886 ||| READING scroll labelled FEUMAZ FAMOIC.
  2887 | D:4      | 2887 ||| READING scroll labelled RAQEGGUR UNNE.
  2888 | D:4      | 2888 ||| DRINKING 2 fuming inky potions.
  2889 | D:4      | 2889 ||| DRINKING 2 inky potions.
  2994 | D:4      | 2994 ||| DRINKING 2 coppery potions.
  2995 | D:4      | 2995 ||| READING 2 scrolls of identify.
  2995 | D:4      | 2995 ||| IDENTIFYING puce potion
  2996 | D:4      | 2996 ||| DROPPING potion of berserk rage.
  2997 | D:4      | 2997 ||| DROPPING potion of magic.
  3008 | D:5      | Entered Level 5 of the Dungeon
  3008 | D:5      | Found a hazy altar of Hepliaklqana.
  3016 | D:5      | 3016 ||| STAIRDANCE
  3159 | D:5      | 3159 ||| READING scroll of enchant weapon.
  3159 | D:5      | 3159 ||| ENCHANTING +3 shortbow.
  3184 | D:5      | Reached skill level 8 in Ranged Weapons
  3399 | D:5      | 3399 ||| FLEEEEING.
  3400 | D:5      | 3400 ||| FLEEEEING.
  3401 | D:5      | 3401 ||| FLEEEEING.
  3402 | D:5      | 3402 ||| FLEEEEING.
  3403 | D:5      | 3403 ||| FLEEEEING.
  3404 | D:5      | 3404 ||| FLEEEEING.
  3405 | D:5      | 3405 ||| FLEEEEING.
  3406 | D:5      | 3406 ||| FLEEEEING.
  3407 | D:5      | 3407 ||| FLEEEEING.
  3408 | D:5      | 3408 ||| FLEEEEING.
  3409 | D:5      | 3409 ||| FLEEEEING.
  3410 | D:5      | 3410 ||| FLEEEEING.
  3411 | D:5      | 3411 ||| FLEEEEING.
  3412 | D:5      | 3412 ||| FLEEEEING.
  3413 | D:5      | 3413 ||| FLEEEEING.
  3414 | D:5      | 3414 ||| FLEEEEING.
  3415 | D:5      | 3415 ||| FLEEEEING.
  3416 | D:5      | 3416 ||| FLEEEEING.
  3468 | D:5      | Noticed Prince Ribbit
  3473 | D:5      | Killed Prince Ribbit
  3474 | D:5      | Reached skill level 6 in Fighting
  3474 | D:5      | Reached XP level 7. HP: 63/63 MP: 6/6
  3759 | D:5      | 3759 ||| READING scroll labelled NONNUPLIPTU.
  3760 | D:5      | 3760 ||| READING scroll labelled YGANGIMUMU.
  3761 | D:5      | 3761 ||| DRINKING 2 amethyst potions.
  3761 | D:5      | Gained mutation: You expend magic power (3 MP) to
                  | strengthen your wands. [potion of mutation]
  3761 | D:5      | Gained mutation: Your muscles are strong. (Str +4, Int/Dex
                  | -1) [potion of mutation]
  3762 | D:5      | 3762 ||| READING 2 scrolls of identify.
  3762 | D:5      | 3762 ||| IDENTIFYING clear potion
  3763 | D:5      | 3763 ||| DROPPING potion of invisibility.
  3873 | D:6      | 3873 ||| READING scroll of enchant weapon.
  3873 | D:6      | 3873 ||| ENCHANTING +4 shortbow.
  3914 | D:6      | Reached skill level 9 in Ranged Weapons
  3999 | D:6      | Reached skill level 3 in Dodging
  3999 | D:6      | Reached XP level 8. HP: 68/70 MP: 7/7
  4167 | D:6      | Reached skill level 10 in Ranged Weapons
  4177 | D:6      | Reached skill level 3 in Armour
  4577 | D:6      | 4577 ||| READING scroll labelled QONLOVONU.
  4653 | D:7      | Found a staircase to the Ecumenical Temple.
  4654 | D:7      | 4654 ||| PLANNING TEMPLE
  4666 | Temple   | Entered the Ecumenical Temple
  4667 | Temple   | 4667 ||| PLANNING OKAWARU WORSHIP
  4770 | Temple   | Became a worshipper of Warmaster Okawaru
  4770 | Temple   | 4770 ||| PLANNING D:1-11
  4854 | D:7      | Found a broken altar of Ashenzari.
  4880 | D:7      | 4880 ||| Stepping ~*~*~tactically~*~*~ (outnumbered).
  4884 | D:7      | 4884 ||| Stepping ~*~*~tactically~*~*~ (outnumbered).
  4909 | D:7      | Reached skill level 11 in Ranged Weapons
  4953 | D:7      | Noticed a hornet
  4961 | D:7      | Reached XP level 9. HP: 73/79 MP: 8/8
  4962 | D:7      | Reached * piety under Okawaru
  4963 | D:7      | 4963 ||| INVOKING Heroism.
  4968 | D:7      | Reached skill level 1 in Invocations
  5626 | D:7      | 5626 ||| DRINKING 2 lumpy brown potions.
  5627 | D:7      | 5627 ||| READING 4 scrolls of identify.
  5627 | D:7      | 5627 ||| IDENTIFYING metallic blue potion
  5628 | D:7      | 5628 ||| READING 3 scrolls of identify.
  5628 | D:7      | 5628 ||| IDENTIFYING fuming yellow potion
  5629 | D:7      | 5629 ||| READING 2 scrolls of identify.
  5629 | D:7      | 5629 ||| IDENTIFYING fuming pink potion
  5630 | D:7      | 5630 ||| DROPPING potion of attraction.
  5631 | D:7      | 5631 ||| DROPPING potion of enlightenment.
  5632 | D:7      | 5632 ||| DROPPING potion of degeneration.
  5674 | D:8      | 5674 ||| PLANNING OSSUARY
  5689 | D:8      | 5689 ||| SWAPPING to +0 orcbow.
  5690 | D:8      | 5690 ||| DROPPING +5 shortbow.
  5698 | D:8      | 5698 ||| INVOKING Heroism.
  5702 | D:8      | 5702 ||| Stepping ~*~*~tactically~*~*~ (outnumbered).
  5703 | D:8      | 5703 ||| Stepping ~*~*~tactically~*~*~ (outnumbered).
  5708 | D:8      | Reached skill level 12 in Ranged Weapons
  5715 | D:8      | 5715 ||| INVOKING Heroism.
  5817 | D:8      | Found Ruuhon's Magic Scroll Shop.
  5829 | D:8      | 5829 ||| BUYING 3 scrolls of enchant weapon (247 gold).
  5829 | D:8      | Bought 3 scrolls of enchant weapon for 247 gold pieces
  5829 | D:8      | 5829 ||| BUYING scroll of identify (22 gold).
  5829 | D:8      | Bought a scroll of identify for 22 gold pieces
  5829 | D:8      | 5829 ||| BUYING scroll of identify (22 gold).
  5829 | D:8      | Bought a scroll of identify for 22 gold pieces
  5829 | D:8      | 5829 ||| BUYING scroll of teleportation (33 gold).
  5829 | D:8      | Bought a scroll of teleportation for 33 gold pieces
  5829 | D:8      | 5829 ||| BUYING scroll of teleportation (33 gold).
  5829 | D:8      | Bought a scroll of teleportation for 33 gold pieces
  5829 | D:8      | 5829 ||| READING 3 scrolls of enchant weapon.
  5829 | D:8      | 5829 ||| ENCHANTING +0 orcbow.
  5830 | D:8      | 5830 ||| READING 2 scrolls of enchant weapon.
  5830 | D:8      | 5830 ||| ENCHANTING +1 orcbow.
  5831 | D:8      | 5831 ||| READING scroll of enchant weapon.
  5831 | D:8      | 5831 ||| ENCHANTING +2 orcbow.
  6059 | D:8      | 6059 ||| INVOKING Heroism.
  6073 | D:8      | Reached skill level 3 in Invocations
  6075 | D:8      | 6075 ||| INVOKING Heroism.
  6075 | D:8      | HP: 20/81 [yak (12)]
  6076 | D:8      | 6076 ||| READING 4 scrolls of teleportation.
  6416 | D:8      | 6416 ||| RIP OSSUARY
  6434 | D:8      | 6434 ||| PLANNING D:1-11
  6436 | D:8      | Reached XP level 10. HP: 88/88 MP: 11/11
  6478 | D:8      | Noticed a cyclops
  6479 | D:8      | 6479 ||| INVOKING Heroism.
  6480 | D:8      | 6480 ||| Stepping ~*~*~tactically~*~*~ (outnumbered).
  6484 | D:8      | 6484 ||| Stepping ~*~*~tactically~*~*~ (outnumbered).
  6493 | D:8      | Killed a cyclops
  6498 | D:8      | Reached skill level 13 in Ranged Weapons
  6501 | D:8      | Reached ** piety under Okawaru
  6503 | D:8      | 6503 ||| INVOKING Heroism.
  6607 | D:8      | 6607 ||| READING scroll of enchant weapon.
  6607 | D:8      | 6607 ||| ENCHANTING +3 orcbow.
  6641 | D:8      | 6641 ||| READING scroll of enchant weapon.
  6641 | D:8      | 6641 ||| ENCHANTING +4 orcbow.
  6728 | D:8      | Found a glowing silver altar of Zin.
  6729 | D:8      | 6729 ||| INVOKING Heroism.
  6734 | D:8      | Reached skill level 9 in Fighting
  6974 | D:8      | Noticed a two-headed ogre
  6976 | D:8      | 6976 ||| INVOKING Heroism.
  6978 | D:8      | Killed a two-headed ogre
  7046 | D:8      | 7046 ||| INVOKING Heroism.
  7207 | D:8      | 7207 ||| INVOKING Heroism.
  7214 | D:8      | Reached skill level 14 in Ranged Weapons
  7266 | D:8      | Noticed a centaur warrior
  7270 | D:8      | 7270 ||| INVOKING Heroism.
  7271 | D:8      | Killed a centaur warrior
  7272 | D:8      | Reached skill level 6 in Dodging
  7423 | D:8      | 7423 ||| UPGRADING to +2 hat.
  7428 | D:8      | 7428 ||| DROPPING +2 hat.
  7429 | D:8      | 7429 ||| DRINKING 2 sedimented orange potions.
  7430 | D:8      | 7430 ||| DROPPING potion of brilliance.
  7473 | D:9      | 7473 ||| Stepping ~*~*~tactically~*~*~ (outnumbered).
  7475 | D:9      | 7475 ||| Stepping ~*~*~tactically~*~*~ (outnumbered).
  7477 | D:9      | 7477 ||| Stepping ~*~*~tactically~*~*~ (outnumbered).
  7513 | D:9      | 7513 ||| Stepping ~*~*~tactically~*~*~ (outnumbered).
  7521 | D:9      | 7521 ||| FLEEEEING.
  7522 | D:9      | 7522 ||| FLEEEEING.
  7523 | D:9      | 7523 ||| FLEEEEING.
  7524 | D:9      | 7524 ||| FLEEEEING.
  7525 | D:9      | 7525 ||| FLEEEEING.
  7526 | D:9      | 7526 ||| FLEEEEING.
  7527 | D:9      | 7527 ||| FLEEEEING.
  7528 | D:9      | 7528 ||| FLEEEEING.
  7529 | D:9      | 7529 ||| FLEEEEING.
  7530 | D:9      | 7530 ||| FLEEEEING.
  7531 | D:9      | 7531 ||| FLEEEEING.
  7532 | D:9      | 7532 ||| FLEEEEING.
  7533 | D:9      | 7533 ||| FLEEEEING.
  7534 | D:9      | 7534 ||| FLEEEEING.
  7535 | D:9      | 7535 ||| FLEEEEING.
  7536 | D:9      | 7536 ||| FLEEEEING.
  7537 | D:9      | 7537 ||| FLEEEEING.
  7538 | D:9      | 7538 ||| FLEEEEING.
  7539 | D:9      | 7539 ||| FLEEEEING.
  7577 | D:9      | Found an opulent altar of Gozag.
  7584 | D:9      | 7584 ||| INVOKING Heroism.
  7613 | D:9      | 7613 ||| INVOKING Heroism.
  7652 | D:9      | Found a staircase to the Orcish Mines.
  7702 | D:9      | 7702 ||| INVOKING Heroism.
  7704 | D:9      | 7704 ||| Stepping ~*~*~tactically~*~*~ (cloud).
  7707 | D:9      | 7707 ||| Stepping ~*~*~tactically~*~*~ (cloud).
  7708 | D:9      | 7708 ||| Stepping ~*~*~tactically~*~*~ (cloud).
  7733 | D:9      | 7733 ||| INVOKING Heroism.
  7734 | D:9      | 7734 ||| Stepping ~*~*~tactically~*~*~ (cloud).
  7748 | D:9      | Reached XP level 11. HP: 99/99 MP: 11/13
  8187 | D:9      | 8187 ||| READING scroll of enchant weapon.
  8187 | D:9      | 8187 ||| ENCHANTING +5 orcbow.
  8414 | D:10     | Entered Level 10 of the Dungeon
  8433 | D:10     | Found a staircase to the Lair.
  8434 | D:10     | 8434 ||| DRINKING potion of cancellation.
  8435 | D:10     | 8435 ||| Stepping ~*~*~tactically~*~*~ (outnumbered).
  8442 | D:10     | Noticed Urug
  8449 | D:10     | 8449 ||| INVOKING Heroism.
  8456 | D:10     | HP: 9/99 [Urug/+5 halberd (21)]
  8457 | D:10     | 8457 ||| READING 6 scrolls of teleportation.
  8457 | D:10     | Demolished by Urug

Levels and vault maps discovered:
D:1:      dpeg_arrival_connections, layout_basic, serial_shops, shop,
          chequers_serial_rivers_micro_d, roderic_serpentine_path,
          eino_curves_03
D:2:      minmay_diamond_boxcup, layout_basic
D:3:      layout_basic, slow_altar_1, hellmonk_ecumenical_altar_lost_god,
          hex_intersection, uniq_pargi
D:4:      minmay_opposing_rooms, layout_basic, serial_glass, glass_columns_b,
          glass_columns_a
D:5:      layout_basic, overflow_temple_1_default, uniq_prince_ribbit1
D:6:      layout_loops_ring, serial_glass, glass_columns_c, glass_columns_b,
          grunt_ministairs_4, kennysheep_cross_room, minmay_misc_feat_columns,
          nicolae_elevator_lobby_plus
D:7:      layout_gridville, mainiacjoe_overflow_cross_hatched, temple_statues
D:8:      wad_statue_garden, layout_basic, lemuel_doored_altar,
          nicolae_ossuary_entry_plus, serial_shops, shop
D:9:      layout_cave_pods, grunt_gozag_statues, hiddenorc2_lemuel
D:10:     layout_irregular_city, nicolae_ru_sacrificial_ziggurat,
          david_lair_generic, kennysheep_generic_room_6, uniq_urug
Temple:   kb_temple_of_zot

Skill      XL: |  1  2  3  4  5  6  7  8  9 10 |
---------------+-------------------------------+-----
Ranged Weapons | 5 6 7 8 9 11 12 14 | 14.7
Fighting       | 3 4 6 7 8 10 | 10.0
Armour         | 1 2 3 4 |  4.1
Dodging        | 3 4 5 6 |  6.7
Invocations    | 3 4 |  4.0
Stealth        | |  0.7

Action                     |  1- 3 |  4- 6 |  7- 9 | 10-12 || total
---------------------------+-------+-------+-------+-------++-------
   Fire: Shortbow          |    83 |    95 |   140 |       ||   318
         Orcbow            |       |       |    51 |   178 ||   229
 Invoke: Heroism           |       |       |     5 |    12 ||    17
    Use: Scroll            |     6 |     7 |    12 |     4 ||    29
         Potion            |       |     4 |     2 |     2 ||     8
 Armour: Leather armour    |     3 |       |       |       ||     3
         Ring mail         |     3 |    12 |    34 |    26 ||    75
         Troll leather arm |       |     3 |       |       ||     3
  Dodge: Dodged            |    20 |    27 |    60 |    38 ||   145

Table legend:
 A = Non-vault XP
 B = Vault XP
 C = Vault XP percentage of total XP
 D = Non-vault monster count
 E = Vault monster count
 F = Vault count percentage of total count
                 A         B        C        D         E       F
            +---------+---------+-------+---------+---------+-------
      Total |    7029 |    5180 |  42.4 |     153 |      74 |  32.6
            +---------+---------+-------+---------+---------+-------
        D:1 |      30 |       0 |   0.0 |      18 |       0 |   0.0
        D:2 |      25 |      17 |  40.5 |       9 |      10 |  52.6
        D:3 |      18 |     154 |  89.5 |       9 |       2 |  18.2
        D:4 |     197 |     114 |  36.7 |      18 |      10 |  35.7
        D:5 |     168 |     251 |  59.9 |       8 |       1 |  11.1
        D:6 |     891 |     119 |  11.8 |      15 |       2 |  11.8
        D:7 |    1501 |       0 |   0.0 |      29 |       0 |   0.0
        D:8 |    2488 |    3478 |  58.3 |      26 |      14 |  35.0
        D:9 |    1711 |     442 |  20.5 |      21 |      32 |  60.4
       D:10 |       0 |     605 | 100.0 |       0 |       3 | 100.0
            +---------+---------+-------+---------+---------+-------
